 Dungeon Sprint DCSS version 0.29-a0-337-g68df138881 (webtiles) character file.

Game seed: 4507501252894641590

1633 mhtbhm the Protected (level 8, -6/90 HPs)
             Began as a Minotaur Fighter on Apr 16, 2022.
             Was an Initiate of Gozag.
             Mangled by a two-headed ogre
             ... wielding a +0 giant spiked club
              (19 damage)
             ... in the Dungeon (Sprint III: "The Ten Rune Challenge").
             The game lasted 00:02:55 (1661 turns).

mhtbhm the Protected (Minotaur Fighter)             Turns: 1661, Time: 00:02:57

Health: -6/90      AC: 11    Str: 24    XL:     8   Next: 66%
Magic:  7/7        EV: 11    Int:  5    God:    Gozag
Gold:   602        SH: 10    Dex:  9    Spells: 7/7 levels left

rFire   . . .      SeeInvis .   a - +0 war axe
rCold   . . .      Faith    .   c - +0 buckler
rNeg    . . .      Spirit   .   b - +0 scale mail
rPois   .          Reflect  .   (helmet restricted)
rElec   .          Harm     .   (no cloak)
rCorr   .          Rampage  .   (no gloves)
Will    .....      NoTele   +   (no boots)
Stlth   ..........              (no amulet)
HPRegen 0.25/turn               (no ring)
MPRegen 0.10/turn               (no ring)

@: no status effects
A: horns 2, retaliatory headbutt, iridescent scales 1, large bone plates 1,
robust 1
a: Renounce Religion, Potion Petition, Call Merchant, Bribe Branch


You were in the Dungeon.
You worshipped Gozag.
Gozag was pleased with you.
You visited 1 branch You collected 602 gold pieces.

Inventory:

Hand Weapons
 a - a +0 war axe (weapon)
Armour
 b - a +0 scale mail (worn)
 c - a +0 buckler (worn)
Wands
 o - a wand of polymorph (8)
Scrolls
 f - a scroll of immolation {unknown}
 i - a scroll of identify {unknown}
 k - a scroll of torment {unknown}
 l - a scroll of enchant armour {unknown}
Potions
 d - a potion of might
 e - a potion of curing
 h - 3 potions of magic
 m - 2 potions of flight
 n - 2 potions of mutation
Miscellaneous
 p - a piece from Xom's chessboard (15/15)


   Skills:
 + Level 11.3 Fighting
 + Level 11.7 Axes
 + Level 12.6 Armour
 + Level 5.6 Dodging
 - Level 0.9 Stealth
 + Level 11.0 Shields
 + Level 0.2 Evocations


You had 7 spell levels left.
You didn't know any spells.
Your spell library contained the following spells:

 Spells                   Type           Power      Damage    Failure   Level
 Animate Skeleton         Necr           0%         N/A       77%         1
 Pain                     Necr           0%         1d4       77%         1
 Ozocubu's Armour         Ice            0%         N/A       98%         3
 Vampiric Draining        Necr           0%         2d6       98%         3
 Ozocubu's Refrigeration  Ice            0%         4d5       100%        7


Dungeon Overview and Level Annotations

Branches:
Dungeon (1/1)

Altars:
Cheibriados
Dithmenos
Elyvilon
Fedhas
Gozag
Hepliaklqana
Kikubaaqudgha
Makhleb
Nemelex Xobeh
Okawaru
Qazlal
Ru
Sif Muna
Trog
Uskayaw
Vehumet
Wu Jian
Xom
Yredelemnul
Zin
The Shining One
Beogh
Jiyva
Lugonu

Annotations:
D Erolcha


Innate Abilities, Weirdness & Mutations

You have a pair of horns on your head.
You reflexively headbutt those who attack you in melee.
You are partially covered in iridescent scales. (AC +2)
You are partially covered in large bone plates. (SH +4)
You are robust. (+10% HP)


Message History

You barely miss Erolcha.
Erolcha casts a spell.
Erolcha flickers and vanishes!
Deactivating autopickup; reactivate with Ctrl-A.
You slash something! Something hits you.
Unknown command.
You hit something. Your headbutt misses something. You miss something.
You headbutt something!
You hear some strange, mumbled words.
You barely miss the two-headed ogre.
Unknown command.
You closely miss the two-headed ogre.
The two-headed ogre hits you with a +0 giant spiked club!
The two-headed ogre misses you.
You barely miss the two-headed ogre. You block the two-headed ogre's attack.
The two-headed ogre hits you with a +0 giant club!
Unknown command.
You slice the two-headed ogre!!
The two-headed ogre is moderately wounded.
You barely miss the two-headed ogre.
The two-headed ogre is moderately wounded.
The two-headed ogre hits you with a +0 giant spiked club!!
The two-headed ogre hits you with a +0 giant club!
You hear some strange, mumbled words.
Unknown command.
You slash the two-headed ogre!
Your headbutt misses the two-headed ogre.
The two-headed ogre is heavily wounded.
You block the two-headed ogre's attack. x2
You hit the two-headed ogre.
Your headbutt misses the two-headed ogre.
The two-headed ogre is heavily wounded.
Unknown command.
You slash the two-headed ogre!
The two-headed ogre is severely wounded.
The two-headed ogre hits you with a +0 giant spiked club!
* * * LOW HITPOINT WARNING * * *
The two-headed ogre hits you with a +0 giant club!!
You die...
Your body crumbles into a pile of gold.

__#$$ $ $$ ._# $ $
)##$$ $ $ ..#$ $ $
..#$ $ $ $$ #'# $
$ $
..#+##############
..#....#.#.#.....#
..##.#..#.##.###@#
..'##.#)#.##.#.O##
..#...#..#..##..
▓▓▓▓▓▓▓▓▓▓▓▓▓▓▓▓


You could see a two-headed ogre.

Vanquished Creatures
  A deep elf pyromancer (D)
  A shadow (D)
  A spatial vortex (D)
  3 two-headed ogres (D)
  A necrophage (D)
  A water elemental (D)
  A jelly (D)
  A wizard (D)
  Jessica (D)
  A necromancer (D)
  3 humans (D)
  A kobold demonologist (D)
  A wolf (D)
  An endoplasm (D)
  2 rats (D)
20 creatures vanquished.

Vanquished Creatures (others)
  2 plants (D)
2 creatures vanquished.

Grand Total: 22 creatures vanquished

Notes
Turn   | Place    | Note
-------+----------+-------------------------------------------
     0 | D        | mhtbhm the Minotaur Fighter began the quest for the Orb.
     0 | D        | Reached XP level 1. HP: 19/19 MP: 0/0
    31 | D        | Noticed Jessica
    41 | D        | Killed Jessica
    42 | D        | Reached skill level 5 in Fighting
    42 | D        | Reached skill level 5 in Armour
    42 | D        | Reached skill level 5 in Shields
    42 | D        | Reached XP level 2. HP: 23/29 MP: 1/1
    42 | D        | Reached XP level 3. HP: 29/36 MP: 2/2
   117 | D        | Reached skill level 6 in Armour
   160 | D        | Gained mutation: You occasionally shout uncontrollably at
                  | your foes. [potion of mutation]
   160 | D        | Gained mutation: You are partially covered in iridescent
                  | scales. (AC +2) [potion of mutation]
   160 | D        | Gained mutation: You passively dampen the noise of your
                  | surroundings. [potion of mutation]
   160 | D        | Gained mutation: Your mind is acute. (Int +2) [potion of
                  | mutation]
   351 | D        | Lost mutation: You occasionally shout uncontrollably at
                  | your foes. [potion of mutation]
   351 | D        | Lost mutation: You passively dampen the noise of your
                  | surroundings. [potion of mutation]
   351 | D        | Lost mutation: Your mind is acute. (Int +2) [potion of
                  | mutation]
   351 | D        | Gained mutation: You are partially covered in large bone
                  | plates. (SH +4) [potion of mutation]
   351 | D        | Gained mutation: You are robust. (+10% HP) [potion of
                  | mutation]
   374 | D        | Noticed a water elemental
   381 | D        | Killed a water elemental
   382 | D        | Reached skill level 7 in Armour
   382 | D        | Reached skill level 1 in Dodging
   382 | D        | Reached XP level 4. HP: 38/51 MP: 3/3
   462 | D        | Found a basalt altar of Yredelemnul.
   462 | D        | Found a shadowy altar of Dithmenos.
   462 | D        | Found a sacrificial altar of Ru.
   462 | D        | Noticed a necrophage
   466 | D        | Reached XP level 5. HP: 58/58 MP: 4/4
   475 | D        | Reached skill level 5 in Axes
   475 | D        | Reached skill level 8 in Armour
   544 | D        | Found a radiant altar of Vehumet.
   544 | D        | Found a shimmering blue altar of Sif Muna.
   544 | D        | Found an ancient bone altar of Kikubaaqudgha.
   553 | D        | Reached skill level 9 in Armour
   693 | D        | Noticed a shadow
   697 | D        | Killed a shadow
   698 | D        | Reached skill level 10 in Armour
   698 | D        | Reached XP level 6. HP: 55/70 MP: 5/5
   783 | D        | Found a blossoming altar of Fedhas.
   783 | D        | Found a stormy altar of Qazlal.
   783 | D        | Found a snail-covered altar of Cheibriados.
   783 | D        | Found a burning altar of Makhleb.
   783 | D        | Found a shimmering altar of Xom.
   783 | D        | Noticed a spatial vortex
   784 | D        | Found a hazy altar of Hepliaklqana.
   784 | D        | Found an opulent altar of Gozag.
   784 | D        | Found a sparkling altar of Nemelex Xobeh.
   784 | D        | Found a corrupted altar of Lugonu.
   784 | D        | Found a viscous altar of Jiyva.
   797 | D        | Killed a spatial vortex
   798 | D        | Reached XP level 7. HP: 78/78 MP: 6/6
   800 | D        | Became a worshipper of Gozag Ym Sagoz the Greedy
   833 | D        | Found a glowing silver altar of Zin.
   833 | D        | Found a glowing golden altar of the Shining One.
   833 | D        | Found a white marble altar of Elyvilon.
   834 | D        | Noticed a deep elf pyromancer
   839 | D        | Noticed a fire elemental
   842 | D        | Noticed a fire elemental
   842 | D        | Noticed a fire elemental
   843 | D        | Killed a deep elf pyromancer
   844 | D        | Reached skill level 10 in Fighting
   844 | D        | Reached skill level 11 in Armour
   844 | D        | Reached skill level 10 in Shields
  1059 | D        | Found a hide-covered altar of Uskayaw.
  1059 | D        | Found an iron altar of Okawaru.
  1059 | D        | Found a bloodstained altar of Trog.
  1059 | D        | Found an ornate altar of the Wu Jian Council.
  1059 | D        | Noticed a human
  1062 | D        | Noticed a human
  1068 | D        | Killed a human
  1069 | D        | Reached skill level 10 in Axes
  1069 | D        | Reached XP level 8. HP: 55/89 MP: 7/7
  1070 | D        | Reached skill level 12 in Armour
  1070 | D        | Reached skill level 5 in Dodging
  1530 | D        | Noticed a two-headed ogre
  1547 | D        | Killed a two-headed ogre
  1649 | D        | Noticed a two-headed ogre
  1649 | D        | Noticed Erolcha
  1661 | D        | Mangled by a two-headed ogre

Illustrated notes

Levels and vault maps discovered:
D:        dungeon_sprint_mu [sprint_mu_entry_cave, sprint_mu_temple_rooms,
          sprint_mu_d1_spiders, sprint_mu_d2_genie, sprint_mu_d3_branching,
          sprint_mu_orc_legion, sprint_mu_elf_gauntlet, sprint_mu_hive_nellie,
          sprint_mu_lair_fedhas, sprint_mu_vaults_butterflies,
          sprint_mu_slime_circle, sprint_mu_swamp_cave, sprint_mu_snake_twists,
          sprint_mu_blade_basic, sprint_mu_crypt_chambers,
          sprint_mu_tomb_spiral, sprint_mu_vestibule_basic,
          sprint_mu_gehenna_hellfire, sprint_mu_dis_giant,
          sprint_mu_tartarus_statrot, sprint_mu_cocytus_islands, sprint_mu_zot1]

Skill      XL: |  1  2  3  4  5  6  7  8 |
---------------+-------------------------+-----
Fighting       | 5 7 9 10 11 | 11.3
Shields        | 5 6 7 9 10 11 | 11.0
Axes           | 3 4 7 10 11 | 11.7
Armour         | 5 7 10 11 12 | 12.6
Dodging        | 1 3 4 5 |  5.6
Stealth        | |  0.9
Evocations     | |  0.2

Action                   |  1- 3 |  4- 6 |  7- 9 || total
-------------------------+-------+-------+-------++-------
Melee: War axe           |    32 |    30 |    45 ||   107
       Headbutt          |     9 |     7 |    10 ||    26
Evoke: Piece from Xom's  |       |       |     1 ||     1
  Use: Potion            |     4 |       |     3 ||     7
       Scroll            |       |       |     1 ||     1
Armor: Scale mail        |    13 |     7 |     5 ||    25
Dodge: Dodged            |    15 |     6 |    14 ||    35
Block: Buckler           |     6 |    11 |    14 ||    31

Table legend: (Time is in decaauts)
 A = Elapsed time spent in this place.
 B = Non-inter-level travel time spent in this place.
 C = Inter-level travel time spent in this place.
 D = Time resting spent in this place.
 E = Time spent auto-exploring this place.
 F = Levels seen in this place.
 G = Mean time per level.
                   A        B        C        D        E       F      G
               +--------+--------+--------+--------+--------+-----+--------+
         Total |   1671 |   1671 |      0 |   1269 |     19 |   1 | 1671.0 |
       Dungeon |   1671 |   1671 |      0 |   1269 |     19 |   1 | 1671.0 |
               +--------+--------+--------+--------+--------+-----+--------+

Top non-repeatable levels by time:
       D: 1671 daAuts
